 Dungeon Crawl Stone Soup version 0.27-a0-170-g607d9e9d85 (webtiles) character file.

Game seed: 14879872834209359202

55624 hatsuma the Fighter (level 14, -1/138 HPs)
             Began as a Palentonga Fighter on Jan 27, 2021.
             Was the Champion of Okawaru.
             Shot with a bolt by an orc warrior (3 damage)
             ... in a bailey on Jan 28, 2021.
             The game lasted 02:11:42 (22944 turns).

hatsuma the Fighter (Palentonga Fighter)           Turns: 22944, Time: 02:11:42

Health: -1/138     AC: 26    Str: 31    XL:     14   Next: 39%
Magic:  32/32      EV:  7    Int:  8    God:    Okawaru [******]
Gold:   1335       SH: 12    Dex: 10    Spells: 13/13 levels left

rFire    . . .     SeeInvis +   N - +5 demon blade (venom)
rCold    . . .     Faith    +   c - +0 kite shield
rNeg     + . .     Spirit   .   B - +4 troll leather armour of the Lily {*Contam +Fly Will+ Regen+ MP+9}
rPois    .         Reflect  .   (no helmet)
rElec    .         Harm     .   (no cloak)
rCorr    .         Rampage  .   K - +0 pair of gloves
Will     +++..                  J - +2 barding of the Armadillo {*Drain rN+ MP+9}
Stlth    +.........             A - amulet of faith
HPRegen  0.73/turn              j - ring of willpower
MPRegen  0.23/turn              n - +6 ring of strength

@: studying Transmutations, curled up
A: large, rugged brown scales 3, see invisible, deformed body, roll 1, armoured
tail, reflexive curl
a: Rolling Charge, Renounce Religion, Evoke Flight, Heroism, Finesse


You were in a bailey.
You worshipped Okawaru.
Okawaru was exalted by your worship.
You visited 2 branches of the dungeon, and saw 18 of its levels.
You also visited: Bailey.

You collected 1335 gold pieces.

Inventory:

Hand Weapons
 M - a +0 scimitar of flaming
 N - a +5 demon blade of venom (weapon)
 P - a +4 scimitar of holy wrath
 W - a +4 vampiric long sword
Missiles
 l - 2 throwing nets
 w - 7 curare-tipped darts
 D - 12 atropa-tipped darts
Armour
 c - a +0 kite shield (worn)
 B - the +4 troll leather armour of the Lily (worn) {*Contam +Fly Will+ Regen+ MP+9}
   (Okawaru gifted it to you on level 6 of the Lair of Beasts)

   It affects your willpower, your defense against some magical effects.
   It affects your magic capacity (+9).
   It lets you fly.
   It causes magical contamination when unequipped.
   It increases your rate of regeneration.
 H - a +0 plate armour of positive energy
 J - the +2 barding of the Armadillo (worn) {*Drain rN+ MP+9}
   (Okawaru gifted it to you on level 11 of the Dungeon)

   It protects you from negative energy.
   It affects your magic capacity (+9).
   It causes draining when unequipped.
 K - a +0 pair of gloves (worn)
Jewellery
 j - a ring of willpower (left hand)
 n - a +6 ring of strength (right hand)
 y - an uncursed ring of flight
 A - an amulet of faith (around neck)
 V - an uncursed amulet of reflection {unknown}
 X - a +4 ring of protection {unknown}
Wands
 a - a wand of polymorph (19)
 z - a wand of iceblast (16)
 E - a wand of enslavement (9)
 R - a wand of digging (5)
Scrolls
 b - 5 scrolls of teleportation
 e - 19 scrolls of remove curse
 f - 4 scrolls of amnesia
 o - 5 scrolls of magic mapping
 u - 3 scrolls of blinking
 v - 2 scrolls of fear
 x - a scroll of immolation {unknown}
 C - 3 scrolls of fog
 F - a scroll of brand weapon {unknown}
 G - a scroll of summoning {unknown}
 L - a scroll of enchant armour {unknown}
 O - a scroll of acquirement {unknown}
 S - 2 scrolls of vulnerability {unknown}
 U - 2 scrolls of silence
Potions
 d - 2 potions of might
 g - 3 potions of brilliance
 h - 6 potions of haste
 i - 9 potions of curing
 k - 2 potions of lignification
 m - a potion of invisibility {unknown}
 p - a potion of berserk rage {unknown}
 q - 5 potions of flight
 r - 3 potions of heal wounds
 s - a potion of magic {unknown}
 t - 2 potions of attraction {unknown}
 Q - a potion of mutation {unknown}
Books
 T - a manual of Transmutations
Miscellaneous
 I - a box of beasts
 Y - a lightning rod (4/4)


   Skills:
 - Level 13.4 Fighting
 - Level 11.6 Long Blades
 - Level 9.5 Armour
 - Level 9.2 Shields
 + Level 10.5 Evocations


You had 13 spell levels left.
You didn't know any spells.
Your spell library contained the following spells:

 Spells                   Type           Power        Failure   Level
 Magic Dart               Conj           0%           43%         1
 Blink                    Tloc           N/A          56%         2
 Call Imp                 Summ           0%           56%         2
 Corpse Rot               Necr/Air       N/A          56%         2
 Slow                     Hex            0%           56%         2
 Confusing Touch          Hex            0%           80%         3
 Conjure Flame            Conj/Fire      0%           80%         3
 Gell's Gravitas          Tloc           0%           80%         3
 Mephitic Cloud           Conj/Pois/Air  0%           80%         3
 Stone Arrow              Conj/Erth      0%           80%         3
 Petrify                  Tmut/Erth      0%           99%         4
 Metabolic Englaciation   Hex/Ice        0%           100%        5
 Summon Forest            Summ/Tloc      0%           100%        5
 Yara's Violent Unravell  Hex/Tmut       0%           100%        5
 Eringya's Noxious Bog    Tmut/Pois      0%           100%        6
 Hydra Form               Tmut           0%           100%        6
 Summon Hydra             Summ           0%           100%        7


Dungeon Overview and Level Annotations

Branches:
Dungeon (12/15)            Temple (0/1) D:4            Lair (6/6) D:9
 Shoals (0/4) Lair:4        Snake (0/4) Lair:3        Slime (0/5) Lair:5
    Orc (0/2) D:9          Bailey (1/1)

Altars:
Hepliaklqana
Kikubaaqudgha
Okawaru
Sif Muna
Trog
Uskayaw
The Shining One
Jiyva
Lugonu

Portals:
Abyss: Lair:6


Innate Abilities, Weirdness & Mutations

You are completely covered in rugged brown scales. (AC +3, +7% HP)
You have supernaturally acute eyesight. (SInv)
Armour fits poorly on your strangely shaped body.
You can roll at nearby foes to attack.
You have a long armoured tail.
You curl defensively after being hit.


Message History

The bolt hits you but does no damage.
The orc shoots a bolt.
The bolt hits you but does no damage.
The orc warrior shoots a bolt.
You block the bolt.
The orc warrior shoots a bolt.
The bolt hits you.
* * * LOW HITPOINT WARNING * * *
The orc shoots a bolt.
You block the bolt.
The orc warrior shoots a bolt.
You block the bolt.
The orc shoots a bolt.
The bolt hits you.
* * * LOW HITPOINT WARNING * * *
The orc warrior shoots a bolt.
You block the bolt.
The orc warrior shoots a bolt.
The bolt hits you!!
* * * LOW HITPOINT WARNING * * *
The orc warrior unwields a +0 arbalest.
You block the orc warrior's attack.
You hit the orc warrior.
The orc warrior looks as sick as possible!
You tail-slap the orc warrior!
You kill the orc warrior!
Okawaru accepts your kill.
The orc warrior shoots a bolt.
The bolt hits you.
You die...

#......≈## ∩#
#......≈o. . .
#......≈##o# ≈.
#......≈≈#o#≈≈........
#.......≈≈≈≈≈.........
#.)....)).............
#.....................
#......)..............
#....@................
#.....................
#∩....................
######################


You could see an orc warrior and 2 orcs.

Vanquished Creatures
  5 hydras
  4 two-headed ogres
  A centaur warrior (D:9)
  Erica (Lair:1)
  An alligator (Lair:6)
  10 death yaks
  An ugly thing (D:11)
  A cyclops (D:11)
  5 elephants
  A merfolk siren (Lair:4)
  2 black mambas
  A gargoyle (D:11)
  8 cane toads
  2 rime drakes
  14 komodo dragons
  A freezing wraith (D:12)
  A tengu conjurer (D:9)
  9 polar bears
  3 trolls
  6 hornets
  12 dream sheep
  23 blink frogs
  A slime creature (D:7)
  13 spriggans
  2 wyverns
  A vampire (D:10)
  53 yaks
  Grum (D:9)
  A steam dragon (D:12)
  A basilisk (D:9)
  A soldier ant (D:11)
  12 water moccasins
  5 orc warriors
  8 black bears
  5 sky beasts
  4 ogres
  A phantom (D:7)
  4 boggarts (Lair:6)
  31 wolves
  4 centaurs
  13 bullfrogs
  A wyvern zombie (D:7)
  A scorpion (D:5)
  A wyvern skeleton (D:11)
  13 killer bees
  9 howler monkeys
  6 wights (D:9)
  3 electric eels
  A vampire bat (D:8)
  3 centaur zombies
  2 bullfrog zombies
  An orc priest (D:11)
  9 hounds
  A jelly (D:10)
  6 orc wizards
  A centaur skeleton (D:7)
  2 bullfrog skeletons
  5 iguanas
  11 hell rats
  9 worker ants
  A hound zombie (D:8)
  2 hound skeletons
  A worker ant zombie (D:9)
  A gnoll (D:2)
  A howler monkey skeleton (D:9)
  10 adders
  A shadow imp (D:6)
  A white imp (D:6)
  3 ufetubi
  2 adder zombies
  2 oozes (D:1)
  2 adder skeletons
  4 worms
  2 dart slugs
  8 leopard geckos
  21 orcs
  3 bat skeletons (D:8)
  4 bat zombies (D:8)
  4 giant cockroaches
  4 goblins
  10 hobgoblins
  9 jackals
  4 quokkas
  A ball python (D:3)
  12 bats
  6 frilled lizards
  A jackal skeleton (D:6)
  A jackal zombie (D:6)
  9 kobolds
  A quokka skeleton (D:8)
  2 quokka zombies
  8 rats
499 creatures vanquished.

Vanquished Creatures (others)
  A wizard (D:4)
  80 fungi
  A lurking horror (Lair:6)
  126 plants
208 creatures vanquished.

Grand Total: 707 creatures vanquished

Notes
Turn   | Place    | Note
-------+----------+-------------------------------------------
     0 | D:1      | hatsuma the Palentonga Fighter began the quest for the Orb.
     0 | D:1      | Reached XP level 1. HP: 20/20 MP: 1/1
   291 | D:1      | Reached XP level 2. HP: 25/27 MP: 2/2
   621 | D:1      | Reached XP level 3. HP: 33/33 MP: 3/3
  1112 | D:2      | Found a shimmering blue altar of Sif Muna.
  1583 | D:2      | Reached XP level 4. HP: 40/40 MP: 4/4
  1590 | D:2      | Found an iron altar of Okawaru.
  1598 | D:2      | Became a worshipper of Warmaster Okawaru
  1871 | D:3      | Found a hide-covered altar of Uskayaw.
  1929 | D:3      | Reached skill level 4 in Fighting
  2627 | D:4      | Upgraded the game from 0.27-a0-156-gbcd94eb011 to
                  | 0.27-a0-170-g607d9e9d85
  2652 | D:4      | Found a staircase to the Ecumenical Temple.
  2687 | D:4      | Reached XP level 5. HP: 43/49 MP: 5/5
  2710 | D:4      | Noticed an ogre
  2785 | D:4      | Reached skill level 5 in Long Blades
  2941 | D:4      | You fall into a shaft and drop 2 floors!
  2995 | D:6      | Reached * piety under Okawaru
  3120 | D:6      | Reached XP level 6. HP: 56/56 MP: 6/6
  3141 | D:5      | Entered Level 5 of the Dungeon
  3334 | D:5      | Reached skill level 5 in Fighting
  3596 | D:4      | Found a bloodstained altar of Trog.
  3598 | D:4      | Noticed a wizard
  3604 | D:4      | Killed a wizard
  4079 | D:5      | Noticed a sky beast
  4110 | D:5      | Killed a sky beast
  4110 | D:5      | Reached ** piety under Okawaru
  4111 | D:5      | Gained mutation: You curl defensively after being hit.
                  | [Palentonga growth]
  4111 | D:5      | Reached XP level 7. HP: 50/65 MP: 7/7
  5008 | D:6      | Reached skill level 6 in Fighting
  5042 | D:6      | Reached XP level 8. HP: 62/75 MP: 8/8
  5044 | D:6      | Reached skill level 7 in Fighting
  5294 | D:7      | Reached *** piety under Okawaru
  5442 | D:7      | Found a glowing golden altar of the Shining One.
  5709 | D:7      | Reached skill level 5 in Armour
  5957 | D:7      | Reached **** piety under Okawaru
  5958 | D:7      | Reached XP level 9. HP: 80/84 MP: 9/9
  6297 | D:8      | Found a hazy altar of Hepliaklqana.
  6722 | D:8      | Got a steaming leather armour
  6746 | D:8      | Found an ancient bone altar of Kikubaaqudgha.
  6790 | D:8      | Identified the +5 leather armour of the Lonely Realms {rC+}
                  | (You found it on level 8 of the Dungeon)
  7180 | D:9      | Found a staircase to the Orcish Mines.
  7192 | D:9      | Reached skill level 5 in Shields
  7354 | D:9      | Found a staircase to the Lair.
  7369 | D:9      | Noticed a centaur warrior
  7370 | D:9      | Noticed a tengu conjurer
  7659 | D:9      | Noticed Grum
  7665 | D:9      | Reached ***** piety under Okawaru
  8036 | D:9      | Killed Grum
  8558 | D:9      | Reached XP level 10. HP: 79/92 MP: 10/10
  8719 | D:9      | Killed a centaur warrior
  8719 | D:9      | Received a gift from Okawaru
  8720 | D:9      | Reached skill level 8 in Fighting
  9026 | D:9      | Reached skill level 9 in Fighting
  9294 | D:9      | Noticed a two-headed ogre
  9712 | D:10     | Entered Level 10 of the Dungeon
 10277 | D:10     | Received a gift from Okawaru
 10283 | D:10     | Reached ****** piety under Okawaru
 10520 | Lair:1   | Entered Level 1 of the Lair of Beasts
 10529 | Lair:1   | Noticed a black mamba
 10546 | Lair:1   | Killed a black mamba
 10839 | Lair:1   | Noticed a cane toad
 11460 | D:11     | Noticed a two-headed ogre
 11709 | D:11     | Noticed a gargoyle
 12068 | D:11     | Noticed a brown ugly thing
 12080 | D:11     | Killed a brown ugly thing
 12081 | D:11     | Reached XP level 11. HP: 85/103 MP: 8/11
 12171 | D:11     | Reached skill level 10 in Long Blades
 12296 | D:11     | Killed a two-headed ogre
 12296 | D:11     | Received a gift from Okawaru
 12301 | D:11     | Got a distressingly furry barding {god gift}
 12313 | D:11     | Identified the +2 barding of the Armadillo {*Drain rN+
                  | MP+9} (Okawaru gifted it to you on level 11 of the Dungeon)
 12943 | Lair:1   | Reached skill level 10 in Fighting
 12988 | Lair:1   | Noticed Erica
 13047 | Lair:1   | Killed Erica
 13557 | D:9      | Killed a two-headed ogre
 13702 | D:8      | HP: 4/105 [komodo dragon (5)]
 14055 | D:8      | Received a gift from Okawaru
 14495 | Lair:1   | Found a bloodstained altar of Trog.
 14913 | Lair:2   | Reached XP level 12. HP: 113/113 MP: 12/12
 15012 | Lair:2   | Noticed a six-headed hydra
 15024 | Lair:2   | Killed a three-headed hydra
 15112 | Lair:2   | Received a gift from Okawaru
 15949 | Lair:3   | Reached skill level 1 in Evocations
 16006 | Lair:3   | Found a staircase to the Snake Pit.
 16571 | Lair:3   | Noticed a death yak
 16572 | Lair:3   | Noticed a death yak
 16572 | Lair:3   | Noticed a death yak
 16662 | Lair:3   | Killed a death yak
 16662 | Lair:3   | Received a gift from Okawaru
 16663 | Lair:3   | Reached skill level 5 in Evocations
 16766 | Lair:3   | Killed a death yak
 16873 | Lair:3   | Noticed a death yak
 16873 | Lair:3   | Noticed a death yak
 16873 | Lair:3   | Noticed a death yak
 16907 | Lair:3   | Killed a death yak
 17018 | Lair:3   | Killed a death yak
 17050 | Lair:3   | Killed a death yak
 17065 | Lair:3   | Killed a death yak
 17733 | Lair:4   | Received a gift from Okawaru
 17735 | Lair:4   | Reached XP level 13. HP: 90/120 MP: 13/13
 18341 | Lair:4   | Found a staircase to the Shoals.
 19227 | Lair:5   | Received a gift from Okawaru
 19617 | Lair:5   | Found a viscous altar of Jiyva.
 19617 | Lair:5   | Found a staircase to the Slime Pits.
 19947 | Lair:5   | Reached skill level 11 in Fighting
 20238 | Lair:6   | Entered Level 6 of the Lair of Beasts
 20299 | Lair:6   | Received a gift from Okawaru
 20302 | Lair:6   | Got a glimmering troll leather armour {god gift}
 20313 | Lair:6   | Identified the +4 troll leather armour of the Lily {*Contam
                  | +Fly Will+ Regen+ MP+9} (Okawaru gifted it to you on level
                  | 6 of the Lair of Beasts)
 20571 | Lair:5   | Reached skill level 12 in Fighting
 20991 | Lair:6   | Reached skill level 13 in Fighting
 21234 | Lair:6   | Reached XP level 14. HP: 125/138 MP: 14/14
 21258 | Lair:6   | Received a gift from Okawaru
 21617 | Lair:6   | Found a corrupted altar of Lugonu.
 21617 | Lair:6   | Found a one-way gate to the infinite horrors of the Abyss.
 22243 | D:9      | Received a gift from Okawaru
 22371 | D:12     | Reached skill level 10 in Evocations
 22425 | D:12     | Found a flagged portal.
 22614 | Bailey   | Entered a bailey
 22942 | Bailey   | HP: 1/138 [orc warrior/bolt (22)]
 22944 | Bailey   | Shot with a bolt by an orc warrior

Illustrated notes

Levels and vault maps discovered:
D:1:      dpeg_arrival_arbitrary_c, layout_basic
D:2:      layout_loops_ring, lemuel_blue_sif_altar, okawaru_altar_gauntlet_db
D:3:      cheibrodos_helix_gallery, layout_loops_ring, lemuel_doored_altar
D:4:      layout_cave_pools, temple_green, trog_wizard
D:5:      cheibrodos_quashed, layout_basic
D:6:      layout_basic
D:7:      nzn_winding_woodlands_three_and_one
          [nzn_winding_woodlands_5x15_crooked, nzn_winding_woodlands_5x15_eye,
          nzn_winding_woodlands_5x15_sidewinder,
          nzn_winding_woodlands_center_garden], layout_loops_ring,
          old_standard_altar, glass_columns_a
D:8:      layout_cave_pods, marbit_many_paths, kennysheep_vampire_church,
          minmay_misc_feat_ornament, hangedman_decor_peaks_small
D:9:      minmay_cut_squares, layout_basic, dpeg_oklobed_lair, uniq_grum
D:10:     layout_roguey
D:11:     layout_rooms
D:12:     minmay_general_purpose_star, layout_loops_ring, enter_bailey_8,
          minivault_20
Lair:1:   layout_small_grid, basic_altar, grunt_megastairs_2, uniq_erica
Lair:2:   layout_hall_layers
Lair:3:   layout_loops_ring, dummy_snake_entry, serial_bayou_shore_a
Lair:4:   layout_hall_layers, minmay_shoals_entry_lonely_mermaid, st_stairs_8
Lair:5:   layout_roguey, slime_altar_1
Lair:6:   minmay_lair_end_enchanted_forest, layout_loops_ring,
          serial_bayou_pond_b, serial_bayou_pond_c, fungi_pond_lemuel,
          amcnicky_altar_lugonu_corruption
Bailey:   bailey_polearm_2, bailey

Skill      XL: |  1  2  3  4  5  6  7  8  9 10 11 12 13 14 |
---------------+-------------------------------------------+-----
Long Blades    | 3 4 5 6 8 9 10 11 | 11.6
Fighting       | 4 5 6 7 9 10 13 | 13.4
Armour         | 3 4 5 6 7 8 9 |  9.5
Shields        | 6 7 9 |  9.2
Evocations     | 8 9 10 | 10.5

Action                   |  1- 3 |  4- 6 |  7- 9 | 10-12 | 13-15 || total
-------------------------+-------+-------+-------+-------+-------++-------
Melee: Long sword        |    95 |   147 |   284 |   313 |       ||   839
       Tailslap          |     9 |    19 |    49 |   139 |   146 ||   362
       Scimitar          |       |       |       |    46 |    27 ||    73
       Demon blade       |       |       |       |   239 |   593 ||   832
Invok: Heroism           |       |       |       |     6 |       ||     6
 Abil: Rolling Charge    |    18 |    13 |    30 |    44 |    13 ||   118
Evoke: Box of beasts     |       |       |       |     1 |       ||     1
  Use: Scroll            |       |     2 |    10 |     3 |     6 ||    21
       Potion            |       |       |       |     7 |     1 ||     8
Armor: Scale mail        |    32 |     6 |       |       |       ||    38
       Ring mail         |       |    42 |    92 |       |       ||   134
       Leather armour    |       |       |    67 |     9 |       ||    76
       Plate armour      |       |       |       |   326 |   110 ||   436
       Troll leather arm |       |       |       |       |   130 ||   130
Dodge: Dodged            |    23 |    38 |    75 |    84 |   101 ||   321
Block: Kite shield       |    47 |    63 |   204 |   378 |   348 ||  1040
       Rpst.: Long sword |     9 |    13 |    25 |    11 |       ||    58
       Scimitar          |       |       |       |     9 |       ||     9
       Demon blade       |       |       |       |     8 |    17 ||    25

Table legend: (Time is in decaauts)
 A = Elapsed time spent in this place.
 B = Non-inter-level travel time spent in this place.
 C = Inter-level travel time spent in this place.
 D = Time resting spent in this place.
 E = Time spent auto-exploring this place.
 F = Levels seen in this place.
 G = Mean time per level.
                   A        B        C        D        E       F      G
               +--------+--------+--------+--------+--------+-----+--------+
         Total |  22918 |  22053 |    865 |   8021 |   4097 |  19 | 1206.2 |
       Dungeon |  13640 |  13101 |    539 |   4679 |   2868 |  12 | 1136.7 |
          Lair |   8952 |   8627 |    325 |   3214 |   1229 |   6 | 1492.0 |
        Bailey |    326 |    326 |      0 |    127 |      0 |   1 |  326.0 |
               +--------+--------+--------+--------+--------+-----+--------+

Top non-repeatable levels by time:
     D:8: 2834 daAuts
    D:10: 1919 daAuts
  Lair:1: 1768 daAuts
  Lair:4: 1650 daAuts
  Lair:6: 1555 daAuts
  Lair:3: 1519 daAuts
  Lair:5: 1505 daAuts
     D:5: 1306 daAuts
     D:9: 1275 daAuts
     D:7: 1029 daAuts
  Lair:2: 952 daAuts
    D:11: 950 daAuts
     D:3: 942 daAuts
     D:1: 904 daAuts
     D:2: 886 daAuts
